 Dungeon Crawl Stone Soup version 0.20-a0-1040-gfd09691 (webtiles) character file.

1428 Deemzul the Skirmisher (level 8, -3/64 HPs)
             Began as a Mummy Fighter on Apr 23, 2017.
             Slain by Pikel
             ... wielding a +2 whip of electrocution
              (19 damage)
             ... on level 7 of the Dungeon.
             The game lasted 00:06:09 (6634 turns).

Deemzul the Skirmisher (Mummy Fighter)              Turns: 6634, Time: 00:06:09

Health: -3/64      AC:  7    Str: 20    XL:     8   Next: 44%
Magic:  8/8        EV: 10    Int:  7    God:
Gold:   214        SH:  9    Dex: 13    Spells: 7/7 levels left

rFire    x . .     SeeInvis .   a - +1 long sword
rCold    + . .     Gourm    .   c - +0 shield
rNeg     + + +     Faith    .   d - +2 ring mail {rPois}
rPois    ∞         Spirit   .   (no helmet)
rElec    .         Reflect  .   (no cloak)
rCorr    .         Harm     .   (no gloves)
MR       +....                  (no boots)
Stlth    +.........             (no amulet)
Regen    0.2/turn               (no ring)
MPRegen  0.2/turn               (no ring)

@: no status effects
A: no food or potions, fire vulnerability, cold resistance 1, negative energy
resistance 3, torment resistance, unbreathing
a: no special abilities


You were on level 7 of the Dungeon.
You were not hungry.

You visited 1 branch of the dungeon, and saw 7 of its levels.

You collected 214 gold pieces.

Inventory:

Hand Weapons
 a - a +1 long sword (weapon)
Armour
 c - a +0 shield (worn)
 d - a +2 ring mail of poison resistance (worn)
 i - a +0 plate armour
Wands
 n - a wand of confusion (12/48)
Scrolls
 b - a scroll of teleportation
 e - 10 scrolls of identify
 f - a scroll of random uselessness {unknown}
 h - 4 scrolls of immolation
 k - 2 scrolls of remove curse
 l - a scroll of blinking {unknown}
 m - 3 scrolls of fear
Books
 g - a book of Geomancy

   Spells                             Type                      Level
   a - Sandblast                      Earth                        1
   b - Passwall                       Transmutation/Earth          2
   c - Stone Arrow                    Conjuration/Earth            3
   d - Petrify                        Transmutation/Earth          4
   e - Lee's Rapid Deconstruction     Earth                        5


   Skills:
 * Level 6.3 Fighting
 * Level 4.7 Long Blades
 + Level 4.0 Armour
 + Level 3.0 Dodging
 + Level 4.2 Shields


You had 7 spell levels left.
You didn't know any spells.

Dungeon Overview and Level Annotations

Branches:
Dungeon (7/15)
 Temple: D:4-7

Altars:
Fedhas
Nemelex Xobeh
Ru
Uskayaw
Wu Jian

Shops:
D:5 }

Annotations:
D:7 Pikel


Innate Abilities, Weirdness & Mutations

You do not eat or drink.
Your flesh is vulnerable to fire.
You are immune to poison.
Your flesh is cold resistant. (rC+)
You are immune to negative energy. (rN+++)
You are immune to unholy pain and torment.
You can survive without breathing.


Message History

Press: ? - help, Shift-Dir - straight line, f/p - Pikel
Aim: Pikel, wielding a whip of electrocution and wearing a robe (chance to defeat MR: 46%) Pikel appears confused.
The slave shouts!
Evoking this partially-identified wand wasted a few charges.
You hear a shout!
Pikel hits you with a whip of electrocution.
You are electrocuted!
You catch the helpless Pikel completely off-guard!
You hit Pikel.
Pikel is lightly wounded.
Pikel hits the slave with a whip of electrocution!
A slave comes into view.
You catch the helpless Pikel completely off-guard!
You slash Pikel!
Pikel is moderately wounded.
Pikel hits you with a whip of electrocution.
* * * LOW HITPOINT WARNING * * *
You are electrocuted!
You die...

#...........#
.##..!........#
..............#
.##...........#
#...........#
#######....##
#....#
#..########....#
#<.....@Kpp.####
##..######[p#
#..#### #.....#
#.###.# #.# .#
#.# .. #.# ###
#.#


You could see Pikel (confused) and 3 slaves.

Vanquished Creatures
  2 phantoms
  3 ice beasts
  A slave (D:7)
  A necrophage (D:5)
  2 centaurs (D:5)
  5 bullfrogs
  A crimson imp (D:6)
  A jelly (D:5)
  A hound (D:5)
  An orc priest (D:6)
  Ijyb (D:3)
  An iguana (D:4)
  3 hound zombies
  7 adders
  7 gnolls
  2 adder skeletons (D:5)
  3 leopard geckos
  3 orcs
  4 giant cockroaches
  7 goblins
  8 hobgoblins
  12 kobolds
  2 quokkas
  7 bats
  5 frilled lizards
  A quokka zombie (D:5)
  6 rats
97 creatures vanquished.

Vanquished Creatures (others)
  6 fungi (D:6)
  A plant (D:6)
7 creatures vanquished.

Grand Total: 104 creatures vanquished

Notes
Turn   | Place    | Note
-------+----------+-------------------------------------------
     0 | D:1      | Deemzul the Mummy Fighter began the quest for the Orb.
     0 | D:1      | Reached XP level 1. HP: 18/18 MP: 1/1
   429 | D:2      | Reached XP level 2. HP: 21/24 MP: 2/2
   962 | D:2      | Reached XP level 3. HP: 23/29 MP: 3/3
  1756 | D:3      | Reached XP level 4. HP: 35/35 MP: 4/4
  1981 | D:3      | Noticed Ijyb
  2002 | D:3      | Killed Ijyb
  2118 | D:3      | Reached skill level 1 in Dodging
  2118 | D:3      | Reached XP level 5. HP: 38/42 MP: 5/5
  2264 | D:3      | Reached skill level 4 in Fighting
  2621 | D:4      | Found a hide-covered altar of Uskayaw.
  2983 | D:4      | Reached XP level 6. HP: 37/48 MP: 6/6
  3038 | D:4      | Found a blossoming altar of Fedhas.
  3148 | D:4      | Noticed an ice beast
  3171 | D:4      | Killed an ice beast
  3189 | D:5      | Entered Level 5 of the Dungeon
  3444 | D:5      | Reached XP level 7. HP: 50/55 MP: 7/7
  3797 | D:5      | Reached skill level 5 in Fighting
  4763 | D:5      | Found Xyopuvel's Quality Used Wands.
  4938 | D:6      | Reached XP level 8. HP: 49/64 MP: 8/8
  5036 | D:6      | Found an ornate altar of the Wu Jian Council.
  5038 | D:6      | Found a sparkling altar of Nemelex Xobeh.
  5185 | D:6      | Found a sacrificial altar of Ru.
  6017 | D:6      | Reached skill level 6 in Fighting
  6359 | D:6      | Found a sacrificial altar of Ru.
  6621 | D:7      | Noticed Pikel
  6634 | D:7      | Slain by Pikel

Vault maps used:
D:1:      dpeg_arrival_signposts
D:2:      minmay_misc_feat_encased
D:3:      uniq_ijyb
D:4:      nicolae_overflow_crystal_walls, eat_drink_and_be_merry_uskayaw,
          st_stairs_5
D:5:      first_bread, nrook_uturn, nicolae_for_you_no_charge
D:6:      nicolae_overflow_hidden_temple, nicolae_ru_the_path_less_chosen,
          serial_aquarium, aquarium_bridge_square, aquarium_window_corridor_3,
          aquarium_window_1, aquarium_view_2e, lemuel_tele_altar
D:7:      lemuel_doored_altar, temple_fountains, grunt_ogre_cave,
          feat_on_display, uniq_pikel

Skill      XL: |  1  2  3  4  5  6  7  8 |
---------------+-------------------------+-----
Long Blades    | 2 3 4 |  4.7
Shields        | 3 4 |  4.2
Dodging        | 1 2 3 |  3.0
Fighting       | 4 5 6 |  6.3
Armour         | 3 4 |  4.0

Action                   |  1- 3 |  4- 6 |  7- 9 || total
-------------------------+-------+-------+-------++-------
Melee: Long sword        |   149 |   147 |   249 ||   545
Evoke: Wand              |       |       |    10 ||    10
  Use: Scroll            |       |       |     8 ||     8
 Stab: Confused          |       |       |     3 ||     3
Armor: Scale mail        |    75 |    70 |    43 ||   188
       Ring mail         |       |       |    15 ||    15
Dodge: Dodged            |    53 |    35 |    85 ||   173
Block: Shield            |    78 |    70 |   117 ||   265
       Rpst.: Long sword |    21 |    16 |    27 ||    64
